 Dungeon Crawl Stone Soup version 0.26.1-11-gd32895ea62 (webtiles) character file.

Game seed: 13417074288337051028

7198 MisterFreud the Grappler (level 10, -1/96 HPs)
             Began as a Troll Monk on June 6, 2021.
             Slain by Snorg (7 damage)
             ... on level 10 of the Dungeon.
             The game lasted 00:14:33 (8478 turns).

MisterFreud the Grappler (Troll Monk)               Turns: 8478, Time: 00:14:34

Health: -1/96      AC:  8    Str: 21    XL:     10   Next: 87%
Magic:  9/9        EV: 13    Int:  6    God:
Gold:   431        SH:  0    Dex: 15    Spells: 9/9 levels left

rFire    + . .     SeeInvis .     - Unarmed
rCold    . . .     Faith    +   (no shield)
rNeg     . . .     Spirit   .   a - +1 robe
rPois    .         Reflect  .   (helmet restricted)
rElec    .         Harm     .   s - +0 cloak
rCorr    .         Rampage  .   (gloves unavailable)
Will     .....                  (boots unavailable)
Stlth    ++........             p - amulet of faith
HPRegen  0.66/turn              M - ring of protection from fire
MPRegen  0.11/turn              g - ring of flight

@: no status effects
A: large, unfitting armour, claws 3, regeneration 1, shaggy fur 1, tough skin 3
a: Evoke Flight


You were on level 10 of the Dungeon.
You visited 2 branches of the dungeon, and saw 11 of its levels.

You collected 431 gold pieces.

Inventory:

Missiles
 k - 10 curare-tipped darts
 q - 9 boomerangs (quivered)
 t - 43 poisoned darts
 J - 3 javelins
Armour
 a - a +1 robe (worn)
 s - a +0 cloak (worn)
Jewellery
 g - a ring of flight (right claw)
 p - an amulet of faith (around neck)
 u - an uncursed ring of magical power
 y - the ring of Pienic {Ice Str+2}
   (You found it on level 4 of the Dungeon)

   [ring of ice]

   It enhances your ice magic.
   It affects your strength (+2).
   It makes you vulnerable to fire.
   It protects you from cold.
 M - a ring of protection from fire (left claw)
Wands
 l - a wand of paralysis (9)
 w - a wand of digging (11)
 A - a wand of polymorph (9)
 K - a wand of iceblast (7)
Scrolls
 b - 5 scrolls of amnesia
 c - 6 scrolls of enchant weapon
 d - 4 scrolls of fog
 h - 6 scrolls of enchant armour
 n - 4 scrolls of remove curse
 z - 2 scrolls of magic mapping
 C - a scroll of immolation {unknown}
 D - a scroll of random uselessness {unknown}
 E - a scroll of holy word {unknown}
 G - a scroll of vulnerability {unknown}
 I - a scroll of blinking {unknown}
Potions
 e - 2 potions of brilliance
 f - a potion of cancellation
 j - 4 potions of attraction
 m - 2 potions of resistance
 o - 2 potions of ambrosia
 r - 2 potions of lignification
 v - a potion of flight
 x - 3 potions of curing
 B - a potion of mutation
 F - a potion of haste
 H - a potion of invisibility {unknown}
 L - 2 potions of degeneration {unknown}


   Skills:
 + Level 5.2 Fighting
 - Level 8.0 Throwing
 + Level 5.2 Dodging
 - Level 1.0 Stealth
 - Level 12.0 Unarmed Combat
 + Level 1.1 Evocations


You had 9 spell levels left.
You didn't know any spells.
Your spell library contained the following spells:

 Spells                   Type           Power        Failure   Level
 Corona                   Hex            0%           45%         1
 Slow                     Hex            0%           58%         2
 Inner Flame              Hex/Fire       0%           83%         3
 Portal Projectile        Hex/Tloc       0%           83%         3
 Static Discharge         Conj/Air       0%           83%         3
 Cause Fear               Hex            0%           99%         4
 Leda's Liquefaction      Hex/Erth       0%           99%         4
 Excruciating Wounds      Necr           0%           100%        5
 Death Channel            Necr           0%           100%        6
 Starburst                Conj/Fire      0%           100%        6


Dungeon Overview and Level Annotations

Branches:
Dungeon (11/15)            Temple (1/1) D:7             Orc (0/2) D:10
   Lair: D:8-11

Altars:
Ashenzari
Cheibriados
Dithmenos
Elyvilon
Fedhas
Hepliaklqana
Makhleb
Nemelex Xobeh
Trog
Uskayaw
Vehumet
Wu Jian
Xom
Zin
The Shining One

Annotations:
D:7 2 transporters, infcreate's ghost, novice HuBe
D:10 Snorg


Innate Abilities, Weirdness & Mutations

You are too large for most types of armour.
You have claws for hands.
Your natural rate of healing is unusually fast.
You are covered in fur. (AC +1)
You have extremely tough skin. (AC +3)


Message History

Snorg barely misses you. Snorg misses you. Snorg claws you! Snorg misses you.
Snorg claws you! x2
Aiming: Paralyse
Press: ? - help, Shift-Dir - straight line, f - Snorg
Aim: Snorg (berserk, chance to affect: 18%) Snorg resists with almost no effort.
Snorg bites you! Snorg closely misses you. Snorg misses you. Snorg bites you!!
Snorg claws you!
* * * LOW HITPOINT WARNING * * *
Snorg claws you!!
* * * LOW HITPOINT WARNING * * *
You see here a +0 dagger.
Okay, then.
Unknown command.
As you read the scroll of fear, it crumbles to dust.
You assume a fearsome visage.
The orc zombie is unaffected.
The phantom is unaffected.
The orc zombie is unaffected.
The goblin skeleton is unaffected.
Snorg completely misses you. Snorg claws you!
You die...

........#..Z.8....#....#
############...####....#
#...##.ZZ.......#
##...###.W.......## ##....#
##Z........#### ###.....#
#............## #.......#
##..####..##..# #......##
#T..#........# #......#
#@#...#...#..#
#......######.(.#...#....#
##......##...([.###.###...#
##.......#....(...#...#...##
##..#.........(..#...#...#.#
...##..............#...#...#
....##............###.###.##
....##........(....#...#...#
....###..........#...#...#.#


You could see Snorg (berserk), a phantom, 2 orc zombies and a goblin skeleton.

Vanquished Creatures
  A hydra (D:11)
  Pikel (D:8)
  Maurice (D:8)
  Joseph (D:7)
  A kobold demonologist (D:10)
  Prince Ribbit (D:8)
  A hog (D:11)
  Grum (D:7)
  Menkaure (D:7)
  A water moccasin (D:10)
  3 phantoms
  A black bear (D:8)
  2 orc warriors (D:7)
  An ice beast (D:10)
  A sky beast (D:7)
  7 ogres
  An eye of draining (shapeshifter) (D:11)
  3 wolves (D:8)
  A centaur (D:6)
  6 big kobolds
  2 bullfrogs
  A gnoll sergeant (D:8)
  A water moccasin zombie (D:11)
  4 scorpions
  A water moccasin skeleton (D:6)
  10 wights
  3 electric eels (D:11)
  A bullfrog zombie (D:10)
  A hound (D:8)
  2 quasits
  2 centaur zombies
  5 orc priests
  Crazy Yiuf (D:3)
  6 iguanas
  12 orc wizards
  Jessica (D:3)
  2 worker ants
  5 ogre zombies (D:10)
  A hound skeleton (D:6)
  8 adders
  9 gnolls
  A white imp (D:8)
  An ooze (D:2)
  An adder skeleton (D:4)
  An adder zombie (D:7)
  A worm (D:5)
  3 dart slugs (D:1)
  7 leopard geckos
  27 orcs
  2 ball pythons
  7 bats
  5 giant cockroaches
  8 goblins
  5 hobgoblins
  8 jackals
  19 kobolds
  A quokka (D:11)
  7 frilled lizards
  A hobgoblin skeleton (D:10)
  A leopard gecko skeleton (D:4)
  2 orc skeletons (D:10)
  6 orc zombies (D:10)
  7 rats
235 creatures vanquished.

Vanquished Creatures (others)
  10 plants (D:11)
10 creatures vanquished.

Grand Total: 245 creatures vanquished

Notes
Turn   | Place    | Note
-------+----------+-------------------------------------------
     0 | D:1      | MisterFreud the Troll Monk began the quest for the Orb.
     0 | D:1      | Reached XP level 1. HP: 22/22 MP: 0/0
    59 | D:1      | Reached XP level 2. HP: 29/29 MP: 1/1
   378 | D:1      | Reached skill level 4 in Unarmed Combat
   753 | D:1      | Reached XP level 3. HP: 36/36 MP: 2/2
  1238 | D:2      | Reached skill level 5 in Unarmed Combat
  1238 | D:2      | Reached XP level 4. HP: 29/44 MP: 3/3
  1379 | D:2      | Found a faded altar of an unknown god.
  1521 | D:3      | Found a runed translucent door.
  1522 | D:3      | Noticed Crazy Yiuf
  1816 | D:3      | Noticed Jessica
  1821 | D:3      | Killed Jessica
  1822 | D:3      | Reached XP level 5. HP: 48/50 MP: 4/4
  1848 | D:3      | Reached skill level 6 in Unarmed Combat
  1888 | D:3      | Found a hide-covered altar of Uskayaw.
  2162 | D:3      | Found a sparkling altar of Nemelex Xobeh.
  2337 | D:3      | Killed Crazy Yiuf
  2411 | D:4      | Noticed an ogre
  2416 | D:4      | Killed an ogre
  2417 | D:4      | Reached skill level 7 in Unarmed Combat
  2417 | D:4      | Reached XP level 6. HP: 59/59 MP: 5/5
  2510 | D:4      | Found a shimmering altar of Xom.
  2560 | D:4      | Got a bound lapis lazuli ring
  2561 | D:4      | Identified the ring of Pienic {Ice Str+2} (You found it on
                  | level 4 of the Dungeon)
  2631 | D:4      | Found an ornate altar of the Wu Jian Council.
  2677 | D:4      | Reached skill level 1 in Throwing
  2682 | D:4      | Reached XP level 7. HP: 41/66 MP: 6/6
  2686 | D:4      | Reached skill level 8 in Unarmed Combat
  2782 | D:4      | Found a shadowy altar of Dithmenos.
  3269 | D:5      | Entered Level 5 of the Dungeon
  3364 | D:5      | Found a radiant altar of Vehumet.
  3425 | D:5      | Found a glowing silver altar of Zin.
  3529 | D:5      | Found a glowing golden altar of the Shining One.
  4099 | D:6      | Reached XP level 8. HP: 67/74 MP: 7/7
  4282 | D:6      | Found a snail-covered altar of Cheibriados.
  4585 | D:6      | Found a hazy altar of Hepliaklqana.
  4585 | D:6      | Found a white marble altar of Elyvilon.
  4586 | D:6      | Found a blossoming altar of Fedhas.
  4669 | D:6      | Reached skill level 5 in Dodging
  4839 | D:6      | Found a sparkling altar of Nemelex Xobeh.
  4941 | D:6      | Reached skill level 5 in Fighting
  5278 | D:5      | Found a burning altar of Makhleb.
  5407 | D:7      | Reached XP level 9. HP: 88/88 MP: 8/8
  5467 | D:7      | Noticed Joseph
  5479 | D:7      | Killed Joseph
  5480 | D:7      | Reached skill level 5 in Throwing
  5648 | D:7      | Found a transporter.
  5655 | D:7      | Found a transporter.
  5700 | D:7      | Noticed a white ugly thing
  5724 | D:7      | Noticed Menkaure
  5729 | D:7      | Noticed infcreate's ghost (novice HuBe)
  5744 | D:8      | Noticed Maurice
  5744 | D:8      | Noticed Grum
  5860 | D:7      | Killed Grum
  5861 | D:7      | Reached skill level 9 in Unarmed Combat
  5929 | D:7      | Killed Menkaure
  6005 | D:7      | Identified the Grimoire of Excruciating Black Arts
  6108 | D:7      | Found a staircase to the Ecumenical Temple.
  6175 | Temple   | Entered the Ecumenical Temple
  6735 | D:8      | Noticed Prince Ribbit
  6750 | D:8      | Killed Prince Ribbit
  6765 | D:8      | Reached skill level 10 in Unarmed Combat
  6824 | D:8      | Killed Maurice
  6825 | D:8      | Reached XP level 10. HP: 66/96 MP: 9/9
  7234 | D:8      | Noticed Pikel
  7264 | D:8      | Killed Pikel
  7436 | D:8      | You fall into a shaft and drop 2 floors!
  7436 | D:10     | Entered Level 10 of the Dungeon
  7590 | D:10     | Reached skill level 11 in Unarmed Combat
  7594 | D:10     | Noticed Snorg
  7618 | D:10     | Found a staircase to the Orcish Mines.
  8005 | D:11     | Noticed Sonja
  8010 | D:11     | Noticed Sonja
  8010 | D:11     | Sonja changed into Sonja the hog
  8014 | D:11     | Killed Sonja the hog
  8112 | D:11     | Noticed a four-headed hydra
  8121 | D:11     | Killed a five-headed hydra
  8122 | D:11     | Reached skill level 12 in Unarmed Combat
  8242 | D:11     | Reached skill level 1 in Evocations
  8478 | D:10     | Slain by Snorg

Illustrated notes

Levels and vault maps discovered:
D:1:      dpeg_arrival_shelter, layout_basic, serial_bayou_crossing
D:2:      layout_loops_ring, chequers_ecumenical_altar_grove
D:3:      layout_loops_ring, marbit_many_paths,
          nemelex_xobeh_ov_fountains_minmay, uniq_jessica,
          uniq_crazy_yiuf_cottage
D:4:      layout_loops_ring, pdpol_wu_jian_five_deadly_venoms,
          old_standard_altar, nicolae_dithmenos_through_a_glass_darkly
D:5:      lemuel_upstairs_altar, layout_loops_ring, tso_metal_star,
          kennysheep_mini, lemuel_round_altar
D:6:      layout_cave_pods, lemuel_doored_altar, gammafunk_temple_overflow_claw,
          nemelex_lonely_heart_becter
D:7:      layout_rooms, minmay_temple_entry_fiery,
          gammafunk_ghost_abyssal_escape, kennysheep_generic_room_15,
          uniq_joseph, uniq_menkaure
D:8:      layout_basic, uniq_maurice, uniq_pikel, uniq_grum, uniq_prince_ribbit1
D:10:     layout_cave_pods, zombieorc2_lemuel, minmay_variable_closet,
          minmay_misc_feat_four_crosses, st_stairs_1, uniq_snorg
D:11:     statuecave_lemuel, layout_long_grid, grunt_lair_entry_orc_guard_hut,
          serial_bayou, serial_bayou_lake_a, serial_bayou_lagoon_a,
          serial_bayou_lagoon_b, serial_bayou_shore_b, hex_tiny,
          evilmike_ruin_ashenzari, uniq_sonja
Temple:   dpeg_three_leaves_temple

Skill      XL: |  1  2  3  4  5  6  7  8  9 10 |
---------------+-------------------------------+-----
Unarmed Combat | 4 5 7 8 10 12 | 12.0
Throwing       | 1 4 7 8 |  8.0
Dodging        | 3 5 |  5.2
Fighting       | 5 |  5.2
Evocations     | 1 |  1.1
Stealth        | |  1.0

Action                   |  1- 3 |  4- 6 |  7- 9 | 10-12 || total
-------------------------+-------+-------+-------+-------++-------
Melee: Unarmed           |    89 |   111 |   312 |   165 ||   677
       Punch             |     2 |     3 |     9 |    14 ||    28
Throw: Boomerang         |       |       |     8 |    19 ||    27
       Javelin           |       |       |       |     4 ||     4
       Throwing net      |       |       |       |     1 ||     1
Evoke: Wand              |       |       |       |     2 ||     2
  Use: Potion            |       |       |     3 |     1 ||     4
       Scroll            |       |       |       |    18 ||    18
 Stab: Sleeping          |     3 |     2 |     1 |       ||     6
Armor: Robe              |    26 |    39 |    99 |    58 ||   222
       Skin              |       |       |     1 |       ||     1
Dodge: Dodged            |    34 |    50 |   173 |   121 ||   378
